 Dungeon Crawl Stone Soup version 0.19.4-12-gccf7e64 (webtiles) character file.

67 Rrauwl the Cudgeler (level 4, -10/44 HPs)
             Began as an Ogre Warper on Feb 26, 2017.
             Was an Initiate of Okawaru.
             Mangled by Crazy Yiuf
             ... wielding a +2 quarterstaff of chaos
              (11 damage)
             ... on level 2 of the Dungeon.
             The game lasted 00:06:09 (1976 turns).

Rrauwl the Cudgeler (Ogre Warper)                   Turns: 1976, Time: 00:06:10

Health: -10/44     AC:  3    Str: 13 (16) XL:     4   Next: 16%
Magic:  7/7        EV: 10    Int: 10 (12) God:    Okawaru [......]
Gold:   61         SH:  0    Dex:  8 (10) Spells: 0 memorised, 7 levels left

rFire  . . .     SeeInvis .     a - +0 mace
rCold  . . .     Gourm    .     b - +0 robe
rNeg   . . .     Faith    .     (no shield)
rPois  .         Spirit   .     (helmet restricted)
rElec  .         Reflect  .     (no cloak)
rCorr  .         Harm     .     (gloves unavailable)
MR     .....     Clarity  +     (boots unavailable)
Stlth  +.........               o - amulet of magic regeneration
                                (no ring)
                                (no ring)

@: flying
A: unfitting armour, clarity, tough skin 1
a: Renounce Religion


You were on level 2 of the Dungeon.
You worshipped Okawaru.
Okawaru was noncommittal.
You were hungry.

You visited 1 branch of the dungeon, and saw 2 of its levels.

You collected 61 gold pieces.

Inventory:

Hand Weapons
 a - a +0 mace (weapon)
Missiles
 e - 5 tomahawks of dispersal (quivered)
Armour
 b - a +0 robe (worn)
Jewellery
 o - an amulet of magic regeneration (around neck)
Scrolls
 d - 5 scrolls of blinking
 h - 3 scrolls of remove curse {unknown}
 j - a scroll of teleportation {unknown}
 k - a scroll of enchant armour {unknown}
 l - 2 scrolls of identify {unknown}
 m - a scroll of immolation {unknown}
 t - a scroll of random uselessness {unknown}
Books
 c - a book of Spatial Translocations

   Spells                             Type                      Level
   a - Blink                          Translocation                2
   b - Shroud of Golubria             Charms/Translocation         2
   c - Lesser Beckoning               Translocation                3
   d - Portal Projectile              Translocation                3
   e - Teleport Other                 Translocation                3
   f - Passage of Golubria            Translocation                4
Comestibles
 f - 2 bread rations
 n - a beef jerky
 s - 2 chunks of flesh


   Skills:
 - Level 2.6 Fighting
 + Level 5.7 Maces & Flails
 - Level 1.0 Throwing
 - Level 2.1 Dodging
 - Level 2.4 Spellcasting
   Level 2.1 Translocations


You had 7 spell levels left.
You didn't know any spells.

Dungeon Overview and Level Annotations

Branches:
Dungeon (2/15)

Altars:
Okawaru

Annotations:
D:2 Crazy Yiuf


Innate Abilities, Weirdness & Mutations

You are too large for most types of armour.
You have tough skin. (AC +1)
You possess an exceptional clarity of mind.


Message History

Crazy Yiuf freezes you.
You hit Crazy Yiuf but do no damage.
Crazy Yiuf is heavily wounded.
Crazy Yiuf hits you with a quarterstaff of chaos!
* * * LOW HITPOINT WARNING * * *
You hit Crazy Yiuf but do no damage.
Crazy Yiuf is heavily wounded.
Crazy Yiuf screams, "Pitchfork testudinal hand!"
Crazy Yiuf hits you with a quarterstaff of chaos!
* * * LOW HITPOINT WARNING * * *
You hit Crazy Yiuf.
Crazy Yiuf is severely wounded.
Crazy Yiuf closely misses you.
You hit Crazy Yiuf.
Crazy Yiuf is almost dead.
Crazy Yiuf closely misses you.
You hit Crazy Yiuf but do no damage.
Crazy Yiuf is almost dead.
Crazy Yiuf hits you with a quarterstaff of chaos!
You die...

#.......###....####...........
#.......# #....# #......)##.#
#.......# ♣...♣♣ ##########.#
#.......# ♣...♣ #.# #########
♣♣.♣♣ #.# ♣.♣♣ #.# ♣♣.♣ #.#
♣.♣♣ #.# ♣♣@♣ #.# #g# ####.#
... #..... #...# #.##.. #..)#
#...## ##### ###.# #.# #.##
#...


You could see Crazy Yiuf.

Vanquished Creatures
  2 adders (D:2)
  A worm (D:1)
  3 bats
  6 giant cockroaches
  8 goblins
  7 hobgoblins
  5 kobolds
  A ball python (D:1)
  4 frilled lizards
  6 rats
43 creatures vanquished.

Notes
Turn   | Place    | Note
-------+----------+-------------------------------------------
     0 | D:1      | Rrauwl the Ogre Warper began the quest for the Orb.
     0 | D:1      | Reached XP level 1. HP: 22/22 MP: 3/3
   143 | D:1      | Reached skill level 3 in Maces & Flails
   367 | D:1      | Reached XP level 2. HP: 27/29 MP: 5/5
   493 | D:1      | Reached skill level 4 in Maces & Flails
   672 | D:1      | Reached XP level 3. HP: 28/36 MP: 6/6
   762 | D:1      | You fall through a shaft!
  1226 | D:2      | Reached skill level 5 in Maces & Flails
  1382 | D:2      | Found an iron altar of Okawaru.
  1395 | D:2      | Became a worshipper of Warmaster Okawaru
  1624 | D:2      | Reached XP level 4. HP: 23/44 MP: 7/7
  1950 | D:2      | Found a runed door.
  1960 | D:2      | Gained mutation: You possess an exceptional clarity of mind. [potion of beneficial mutation]
  1962 | D:2      | Noticed Crazy Yiuf
  1973 | D:2      | HP: 1/44 [Crazy Yiuf/quarterstaff of chaos (7)]
  1976 | D:2      | Mangled by Crazy Yiuf

Skill      XL: |  1  2  3 |
---------------+----------+-----
Maces & Flails | 3 4 5 |  5.7
Fighting       | |  2.6
Throwing       | |  1.0
Dodging        | |  2.1
Spellcasting   | |  2.4
Translocations | |  2.1

Action                   |  1- 3 |  4- 6 || total
-------------------------+-------+-------++-------
Melee: Mace              |   125 |    21 ||   146
  Use: Potion            |       |     5 ||     5
  Eat: Chunk             |     2 |     1 ||     3
Armor: Robe              |    36 |       ||    36
Dodge: Dodged            |    63 |     7 ||    70
